 Dungeon Crawl Stone Soup version 0.26.1-11-gd32895ea62 (webtiles) character file.

Game seed: 15849435512264839885

12636 epicjoe the Severer (level 11, -16/102 HPs)
             Began as a Minotaur Berserker on June 18, 2021.
             Was a High Priest of Trog.
             Splashed by an oklob plant's acid (19 damage)
             ... on level 1 of the Lair of Beasts.
             The game lasted 01:14:08 (10021 turns).

epicjoe the Severer (Minotaur Berserker)           Turns: 10021, Time: 01:14:09

Health: -16/102    AC: 20    Str: 26    XL:     11   Next: 65%
Magic:  10/10      EV:  9    Int:  4    God:    Trog [*****.]
Gold:   494        SH:  5    Dex:  9    Spells: 10/10 levels left

rFire    + . .     SeeInvis .   K - +4 battleaxe
rCold    . . .     Faith    .   (shield currently unavailable)
rNeg     . . .     Spirit   .   L - +2 plate armour
rPois    .         Reflect  +   (helmet restricted)
rElec    .         Harm     .   T - +2 cloak {Stlth+}
rCorr    .         Rampage  .   i - +2 pair of gloves {archery}
Will     .....                  j - +0 pair of boots
Stlth    ..........             p - amulet of reflection
HPRegen  0.27/turn              (no ring)
MPRegen  0.12/turn              w - ring of protection from fire

@: corroded
A: retaliatory headbutt, horns 2
a: Renounce Religion, Berserk, Trog's Hand, Brothers in Arms


You were on level 1 of the Lair of Beasts.
You worshipped Trog.
Trog was extremely pleased with you.
You visited 3 branches of the dungeon, and saw 11 of its levels.

You collected 494 gold pieces.

Inventory:

Hand Weapons
 a - a +0 hand axe
 b - a +0 shortbow
 t - a -1 broad axe
 E - a +2 hand axe of flaming
 H - a +1 hand axe of flaming
 J - a +0 antimagic spear
 K - a +4 battleaxe (weapon)
 M - a +0 vorpal long sword
 N - a +0 arbalest
 P - the +8 halberd "Coqyut" {vorpal, rN+ Int-4 Dex+7, unknown}
   (You found it on level 8 of the Dungeon)

   It inflicts extra damage upon your enemies.
   It affects your intelligence (-4).
   It affects your dexterity (+7).
   It protects you from negative energy.
 Q - a cursed -2 hand crossbow
 W - a +2 hand axe of flaming
 Y - a +2 vorpal war axe
Missiles
 d - 159 arrows
 n - 38 sling bullets
 r - 208 stones
 u - 8 boomerangs (quivered)
 D - 12 poisoned darts
 I - 91 bolts
 O - 2 silver boomerangs
Armour
 i - a +2 pair of gloves of archery (worn)
 j - a +0 pair of boots (worn)
 v - a +0 pair of gloves
 L - a +2 plate armour (worn)
 T - a +2 cloak of stealth (worn)
Jewellery
 m - an uncursed ring of fire
 o - an uncursed ring of protection from cold
 p - an amulet of reflection (around neck)
 w - a ring of protection from fire (right hand)
 y - a cursed amulet of the acrobat
 X - an uncursed ring of magical power
Wands
 e - a wand of polymorph (9)
 R - a wand of acid (5)
 Z - a wand of paralysis (11)
Scrolls
 g - 2 scrolls of blinking {unknown}
 h - 2 scrolls of fear
 q - 3 scrolls of remove curse
 x - 2 scrolls of noise
 B - 3 scrolls of identify
 F - 2 scrolls of magic mapping
 S - a scroll of teleportation
 V - a scroll of immolation {unknown}
Potions
 c - 7 potions of curing
 f - 3 potions of haste
 k - a potion of brilliance
 l - 2 potions of degeneration
 s - 2 potions of mutation {unknown}
 A - 3 potions of flight
 C - a potion of resistance
 G - 2 potions of ambrosia {unknown}
 U - a potion of berserk rage {unknown}


   Skills:
 + Level 11.1 Fighting
 + Level 15.2 Axes
 + Level 1.5 Bows
 + Level 2.0 Throwing
 + Level 9.3 Armour
 + Level 4.2 Dodging
 + Level 1.2 Stealth
 + Level 5.0 Shields
 + Level 1.3 Evocations


You had 10 spell levels left.
You didn't know any spells.
Your spell library was empty.

Dungeon Overview and Level Annotations

Branches:
Dungeon (9/15)             Temple (1/1) D:7            Lair (1/6) D:8
    Orc: D:9-12

Altars:
Ashenzari
Elyvilon
Fedhas
Gozag
Hepliaklqana
Kikubaaqudgha
Makhleb
Nemelex Xobeh
Okawaru
Qazlal
Ru
Sif Muna
Trog
Uskayaw
Vehumet
Wu Jian
Xom
Yredelemnul
Zin
The Shining One

Shops:
D:5 [

Annotations:
Lair:1 exclusion: 3 oklob plants


Innate Abilities, Weirdness & Mutations

You reflexively headbutt those who attack you in melee.
You have a pair of horns on your head.


Message History

The splash of acid hits the oklob plant.
The oklob plant completely resists.
The oklob plant spits acid at you. The splash of acid hits you.
* * * LOW HITPOINT WARNING * * *
You are splashed with acid!
* * * LOW HITPOINT WARNING * * *
The oklob plant spits acid at you. The splash of acid misses you.
The oklob plant spits acid at you. The splash of acid hits you.
* * * LOW HITPOINT WARNING * * *
You are splashed with acid.
* * * LOW HITPOINT WARNING * * *
You feel better. The oklob plant spits acid at you.
The splash of acid hits you!
* * * LOW HITPOINT WARNING * * *
The acid corrodes you!
You are splashed with acid!!
You die...

#..........##.#
#..........#
#..##.######
##........#
######.######'##
#$))P..........# ###.
#.P??..........+.....
#.)$..............#
#...P...@......####
#.. ######.#........#
#.. ###........# ..
#.......## ##.
#.......# #..##
######+## #... #.####
#.. #####+.#.# #..
#.......#######.+


You could see 3 oklob plants.

Vanquished Creatures
  A two-headed ogre (D:7)
  The ghost of KittyFluff the Protected, a journeyman GrBe of Trog (Lair:1)
  A flayed ghost (D:8)
  A cyclops (D:8)
  A moth of wrath (Lair:1)
  A torpor snail (Lair:1)
  Psyche (D:9)
  A black mamba (Lair:1)
  2 cane toads (Lair:1)
  A rime drake (Lair:1)
  2 komodo dragons (Lair:1)
  5 blink frogs (Lair:1)
  A wyvern (D:8)
  Sigmund (D:3)
  A shadow (D:6)
  12 yaks
  A basilisk (Lair:1)
  4 water moccasins (Lair:1)
  4 orc warriors
  2 sky beasts
  5 black bears
  5 ice beasts
  2 phantoms
  2 necrophages
  2 ogres
  2 centaurs
  A big kobold (D:8)
  3 bullfrogs
  A wyvern skeleton (D:7)
  A scorpion (D:7)
  4 jellies
  6 hounds
  13 orc wizards
  A quasit (D:6)
  6 orc priests
  2 centaur skeletons
  An iguana (D:8)
  8 worker ants
  A killer bee zombie (D:6)
  2 hound zombies (D:8)
  A hound skeleton (D:7)
  2 worker ant zombies
  A howler monkey skeleton (D:7)
  12 adders
  3 gnolls
  A shadow imp (D:8)
  2 white imps
  An ooze (D:5)
  2 adder skeletons
  4 worms
  2 dart slugs
  2 leopard geckos
  47 orcs
  5 giant cockroaches
  8 goblins
  5 hobgoblins (D:2)
  11 jackals
  2 quokkas
  A ball python (D:3)
  3 bats
  4 frilled lizards
  A goblin skeleton (D:8)
  2 hobgoblin zombies (D:8)
  A jackal skeleton (D:7)
  7 kobolds
  A kobold skeleton (D:8)
  3 orc skeletons (D:8)
  A quokka skeleton (D:5)
  A quokka zombie (D:6)
  3 rats
251 creatures vanquished.

Vanquished Creatures (collateral kills)
  An ogre (D:8)
  A big kobold (D:8)
  A gnoll sergeant (D:8)
  A scorpion (D:8)
  An iguana (D:8)
  A worker ant (D:8)
  An orc (D:8)
7 creatures vanquished.

Vanquished Creatures (others)
  4 fungi (Lair:1)
  12 plants (Lair:1)
16 creatures vanquished.

Grand Total: 274 creatures vanquished

Notes
Turn   | Place    | Note
-------+----------+-------------------------------------------
     0 | D:1      | epicjoe the Minotaur Berserker began the quest for the Orb.
     0 | D:1      | Reached XP level 1. HP: 19/19 MP: 0/0
   422 | D:2      | Found an ornate altar of the Wu Jian Council.
   447 | D:2      | Found a faded altar of an unknown god.
   456 | D:2      | Reached skill level 4 in Axes
   456 | D:2      | Reached XP level 2. HP: 27/27 MP: 1/1
   463 | D:2      | Reached XP level 3. HP: 20/33 MP: 2/2
  1066 | D:2      | Reached ** piety under Trog
  1067 | D:2      | Reached XP level 4. HP: 28/41 MP: 3/3
  1240 | D:3      | Reached skill level 5 in Axes
  1271 | D:3      | Noticed Sigmund
  1292 | D:3      | Killed Sigmund
  1293 | D:3      | Reached skill level 5 in Fighting
  1293 | D:3      | Reached skill level 6 in Axes
  1293 | D:3      | Reached skill level 1 in Shields
  1293 | D:3      | Reached XP level 5. HP: 33/48 MP: 4/4
  1856 | D:3      | Reached XP level 6. HP: 56/56 MP: 5/5
  2049 | D:3      | Found a shimmering altar of Xom.
  2196 | D:3      | Reached *** piety under Trog
  2514 | D:3      | You fall into a shaft and drop 1 floor!
  2542 | D:4      | Reached skill level 7 in Axes
  2709 | D:4      | Reached XP level 7. HP: 48/61 MP: 6/6
  2716 | D:4      | Found a glowing silver altar of Zin.
  3148 | D:4      | You fall into a shaft and drop 2 floors!
  3164 | D:6      | Found a bloodstained altar of Trog.
  3189 | D:6      | Reached skill level 8 in Axes
  3246 | D:6      | Found a sacrificial altar of Ru.
  3293 | D:6      | Noticed a shadow
  3300 | D:6      | Killed a shadow
  3494 | D:6      | Reached XP level 8. HP: 63/70 MP: 7/7
  3612 | D:6      | Reached **** piety under Trog
  3613 | D:6      | Reached skill level 9 in Axes
  3665 | D:6      | Reached skill level 1 in Stealth
  3809 | D:6      | Found a broken altar of Ashenzari.
  3982 | D:6      | Reached skill level 5 in Armour
  4012 | D:6      | Found a shimmering blue altar of Sif Muna.
  4190 | D:5      | Entered Level 5 of the Dungeon
  4202 | D:5      | Reached skill level 10 in Axes
  4419 | D:5      | Reached skill level 1 in Bows
  5328 | D:5      | Found Piasiddi's Antique Armour Emporium.
  5342 | D:5      | Reached XP level 9. HP: 73/79 MP: 8/8
  5497 | D:5      | Reached skill level 1 in Evocations
  5804 | D:6      | Found a burning altar of Makhleb.
  6082 | D:6      | Reached skill level 11 in Axes
  6217 | D:7      | Reached ***** piety under Trog
  6218 | D:7      | Found an ancient bone altar of Kikubaaqudgha.
  6352 | D:7      | Found a staircase to the Ecumenical Temple.
  6357 | Temple   | Entered the Ecumenical Temple
  6907 | D:7      | Noticed a two-headed ogre
  6915 | D:7      | Killed a two-headed ogre
  6916 | D:7      | Reached skill level 12 in Axes
  7521 | D:7      | Reached XP level 10. HP: 41/90 MP: 9/9
  7997 | D:8      | Noticed a flayed ghost
  8007 | D:8      | Killed a flayed ghost
  8019 | D:8      | Got a steaming halberd
  8138 | D:8      | Noticed a cyclops
  8141 | D:8      | Reached skill level 13 in Axes
  8154 | D:8      | Killed a cyclops
  8239 | D:9      | Noticed Psyche
  8248 | D:8      | Reached skill level 1 in Throwing
  8371 | D:9      | Killed Psyche
  8567 | D:8      | Found a staircase to the Lair.
  8589 | D:8      | Found a glowing golden altar of the Shining One.
  8616 | Lair:1   | Entered Level 1 of the Lair of Beasts
  8641 | Lair:1   | Reached skill level 10 in Fighting
  8679 | Lair:1   | Reached skill level 14 in Axes
  8679 | Lair:1   | Reached XP level 11. HP: 71/99 MP: 10/10
  9179 | Lair:1   | Found a transporter.
  9217 | Lair:1   | Found a transporter.
  9244 | Lair:1   | Noticed KittyFluff's ghost (journeyman GrBe)
  9286 | Lair:1   | HP: 1/101 [cane toad (10)]
  9622 | Lair:1   | Received a gift from Trog
  9640 | Lair:1   | Killed KittyFluff's ghost
  9641 | Lair:1   | Reached skill level 15 in Axes
  9641 | Lair:1   | Reached skill level 5 in Shields
  9926 | Lair:1   | Noticed an oklob plant
  9926 | Lair:1   | Noticed an oklob plant
  9929 | Lair:1   | Noticed an oklob plant
 10020 | Lair:1   | HP: 3/102 [acid (6)]
 10021 | Lair:1   | Splashed by an oklob plant's acid

Illustrated notes

Levels and vault maps discovered:
D:1:      nzn_arrival_depleted_hourglass, layout_rooms, minmay_cupped
D:2:      layout_loops_ring, general_overflow_altar,
          chequers_ecumenical_altar_island
D:3:      layout_loops_ring, nicolae_overflow_hidden_temple, uniq_sigmund
D:4:      layout_cave_pools, zin_academy
D:5:      layout_loops_ring, serial_shops, nicolae_shop_trees,
          kennysheep_generic_room_4
D:6:      layout_loops_corners, nzn_overflow_gifts_of_might_and_magic,
          marbit_many_paths, nicolae_ru_great_annihilating_truth,
          lightli_temple_of_fire
D:7:      layout_loops_ring, nicolae_overflow_crystal_walls, temple_doors_e
D:8:      nzn_winding_woodlands_stair_cross
          [nzn_winding_woodlands_5x15_split_checker,
          nzn_winding_woodlands_center_triple_pond,
          nzn_winding_woodlands_5x15_concentric,
          nzn_winding_woodlands_5x5_checkerboard,
          nzn_winding_woodlands_5x5_default,
          nzn_winding_woodlands_5x15_sidewinder,
          nzn_winding_woodlands_center_diamonds,
          nzn_winding_woodlands_5x15_zeroes], layout_cave_pools,
          nicolae_tso_besieged_by_evil
D:9:      layout_basic, overflow_temple_1_default, grunt_dithmenos_shadows,
          serial_shops, nicolae_shop_crystal, shop_fountains, shop,
          nicolae_shop_crystal, kennysheep_mini, serial_curves, eino_curves_04,
          eino_curves_04, eino_curves_04, eino_curves_04, uniq_psyche
Temple:   eino_wide_crystal_templ
Lair:1:   layout_roguey, gammafunk_ghost_berserking_beasts, beast_lair_carwin_5,
          minmay_lair_oklob_chamber

Skill      XL: |  1  2  3  4  5  6  7  8  9 10 11 |
---------------+----------------------------------+-----
Fighting       | 4 5 6 7 8 10 11 | 11.1
Axes           | 4 6 7 8 10 12 14 15 | 15.2
Armour         | 3 4 5 7 8 9 |  9.3
Dodging        | 3 4 |  4.2
Shields        | 1 2 3 4 5 |  5.0
Stealth        | 1 |  1.2
Bows           | 1 |  1.5
Evocations     | 1 |  1.3
Throwing       | 2 |  2.0

Action                   |  1- 3 |  4- 6 |  7- 9 | 10-12 || total
-------------------------+-------+-------+-------+-------++-------
Melee: Hand axe          |    53 |       |       |       ||    53
       Headbutt          |    10 |    11 |    36 |    27 ||    84
       Broad axe         |       |   101 |    76 |       ||   177
       Battleaxe         |       |       |   160 |   194 ||   354
       War axe           |       |       |       |     6 ||     6
 Fire: Shortbow          |       |       |     2 |       ||     2
Throw: Dart              |       |       |     4 |       ||     4
       Boomerang         |       |       |     2 |     5 ||     7
Invok: Berserk           |     1 |     1 |     1 |     1 ||     4
       Trog's Hand       |       |       |       |     1 ||     1
       Brothers in Arms  |       |       |       |     1 ||     1
Evoke: Wand              |       |       |     2 |       ||     2
  Use: Potion            |     1 |       |     3 |     4 ||     8
       Scroll            |       |       |    18 |       ||    18
 Stab: Paralysed         |       |       |     1 |       ||     1
Armor: Leather armour    |    17 |    26 |       |       ||    43
       Ring mail         |       |    17 |    12 |       ||    29
       Plate armour      |       |       |    97 |   126 ||   223
Dodge: Dodged            |    44 |    62 |    87 |   106 ||   299
Block: Other             |     8 |    19 |    51 |    47 ||   125
       Reflection        |     1 |       |     3 |     4 ||     8
